Map: [ESL] Inside and Out

Players

Solar - Winner!

  • Race: Zerg Zerg
  • League: Master
  • Spawn Location: 1:00

llllllllllll (herO)

  • Race: Protoss Protoss
  • League: Master
  • Spawn Location: 7:00

VOD

Have the link to the VOD?

Description

Time

  • Played on: Oct. 22, 2022, 10:32 a.m.
  • Length: 12:14
Show
View Real Time Build Order
Export as new Build Order

Solar Zerg - Winner!

Build Orders: Hatch First 

Get SALT Encoding   

  12  0:00  Drone  
  13  0:12  Overlord  
  13  0:17  Drone  
  14  0:30  Drone x2  
  16  0:47  Hatchery  
  15  0:51  Drone  
  15  0:54  Drone  
  17  0:57  Drone  
  18  1:08  Extractor  
  17  1:13  Spawning Pool  
  17  1:16  Drone  
  17  1:20  Drone  
  18  1:27  Drone  
  19  1:38  Drone  
  20  1:49  Overlord  
  20  1:59  Queen  
  20  2:00  Zergling x2, Queen  
  20  2:01  Zergling x2  
  26  2:10  Drone  
  26  2:11  Drone  
  26  2:14  Metabolic Boost  
  28  2:23  Drone x2  
  30  2:37  Hatchery  
  30  2:40  Drone  
  30  2:48  Queen  
  32  2:52  Overlord  
  32  2:55  Drone x2  
  34  2:59  Drone  
  34  3:00  Drone  
  36  3:09  Queen  
  38  3:13  Zergling x2  
  38  3:14  Drone x2  
  38  3:15  Drone  
  42  3:21  Drone  
  42  3:22  Overlord  
  42  3:24  Drone  
  44  3:37  Spore Crawler, Drone  
  44  3:39  Queen  
  44  3:40  Overlord  
  46  3:44  Drone x2  
  48  3:49  Drone  
  48  3:51  Queen, Drone  
  48  3:54  Evolution Chamber  
  48  3:55  Drone  
  52  4:02  Drone x4  
  56  4:04  Drone  
  57  4:10  Spore Crawler  
  57  4:11  Drone  
  57  4:13  Overlord  
  57  4:15  Drone  
  57  4:16  Drone  
  58  4:20  Queen  
  58  4:23  Zerg Melee Weapons Level 1  
  60  4:25  Drone  
  60  4:28  Drone  
  60  4:30  Drone x2  
  64  4:31  Zergling x2  
  64  4:32  Zergling x2  
  64  4:38  Drone x2  
  66  4:40  Drone x2  
  66  4:46  Drone x2  
  66  4:49  Overlord  
  66  4:51  Drone x2  
  69  4:53  Drone  
  69  4:56  Drone x2  
  69  4:58  Drone  
  73  5:02  Overlord  
  73  5:10  Drone  
  73  5:11  Drone  
  73  5:14  Extractor x2  
  73  5:21  Zergling x18  
  81  5:27  Lair  
  81  5:32  Hatchery  
  81  5:33  Drone  
  81  5:34  Drone x3  
  84  5:36  Drone x2  
  84  5:37  Drone x3  
  89  5:45  Baneling Nest  
  89  5:46  Overlord  
  88  5:53  Drone, Overlord  
  88  5:55  Extractor  
  88  5:57  Overlord  
  88  6:10  Drone x3  
  88  6:11  Drone, Roach Warren  
  91  6:14  Zergling x18  
  100  6:21  Drone  
  101  6:26  Drone x2, Extractor  
  101  6:27  Overseer, Spire, Extractor  
  101  6:31  Drone x2  
  101  6:32  Drone x2  
  104  6:38  Overlord x2  
  104  6:45  Drone  
  107  6:48  Overlord  
  107  6:52  Drone x3  
  107  6:54  Glial Reconstitution, Roach x4  
  115  6:58  Roach x3  
  115  7:00  Roach x2  
  115  7:01  Roach x2  
  128  7:05  Extractor  
  128  7:08  Overlord  
  127  7:09  Drone x2  
  127  7:11  Extractor  
  126  7:17  Overlord  
  126  7:18  Roach x3  
  126  7:19  Drone x2  
  126  7:22  Overlord  
  134  7:24  Overseer  
  134  7:29  Overlord  
  134  7:30  Zergling x2  
  134  7:31  Zergling x2  
  134  7:36  Zergling x2  
  137  7:38  Zergling x8  
  137  7:43  Mutalisk x6  
  137  7:44  Mutalisk  
  143  7:48  Mutalisk  
  157  7:52  Mutalisk  
  157  7:54  Drone x2  
  157  7:57  Overlord  
  161  7:59  Zergling x6  
  161  8:01  Mutalisk x2  
  166  8:07  Overlord  
  166  8:09  Zerg Flyer Weapons Level 1  
  166  8:10  Drone  
  167  8:16  Mutalisk x2  
  167  8:18  Zergling x16  
  167  8:19  Drone  
  177  8:29  Mutalisk  
  177  8:30  Mutalisk x2  
  177  8:31  Drone  
  177  8:32  Zergling x4  
  174  8:34  Drone, Hatchery  
  174  8:40  Mutalisk x2  
  178  8:41  Overlord  
  178  8:44  Zergling x12  
  184  8:49  Mutalisk x2  
  184  8:51  Drone  
  184  8:52  Zergling x6  
  184  8:55  Overlord  
  192  8:57  Overlord  
  192  8:58  Overlord  
  192  9:02  Drone, Extractor  
  191  9:03  Extractor  
  191  9:05  Overlord  
  191  9:08  Mutalisk x3  
  191  9:09  Overlord  
  192  9:13  Drone  
  190  9:20  Zergling x20  
  185  9:24  Mutalisk x2  
  187  9:32  Mutalisk x4  
  187  9:34  Zergling x4  
  195  9:40  Mutalisk x2  
  193  9:47  Mutalisk x2  
  193  9:51  Zergling x14  
  188  9:54  Mutalisk  
  188  9:59  Mutalisk  
  178  10:00  Zergling x4  
  178  10:03  Zergling x12  
  172  10:12  Zergling x8  
  146  10:15  Mutalisk  
  146  10:21  Zergling x6  
  137  10:25  Mutalisk  
  133  10:29  Zergling x2  
  133  10:34  Zergling x10  
  132  10:39  Mutalisk x2  
  129  10:44  Mutalisk x2  
  129  10:53  Mutalisk  
  129  10:54  Mutalisk  
  123  10:58  Zergling x4  
  123  11:01  Zergling x8  
  129  11:04  Zergling x6  
  126  11:13  Zergling x4  
  126  11:17  Mutalisk  
  129  11:24  Mutalisk x2  
  129  11:26  Zergling x2  
  125  11:35  Zergling x4  
  124  11:41  Zergling x2  
  106  11:48  Zergling x6  
Show
View Real Time Build Order
Export as new Build Order

llllllllllll Protoss 

Build Orders: 1 Gate Expand, Oracle Opening, Zealot Archon 

Get SALT Encoding   

  12  0:00  Probe  
  13  0:12  Probe  
  14  0:17  Pylon  
  14  0:24  Probe (Chrono Boost)  
  16  0:36  Probe (Chrono Boost)  
  16  0:42  Gateway  
  16  0:43  Probe (Chrono Boost)  
  16  0:47  Assimilator  
  17  0:50  Probe  
  18  1:02  Probe  
  19  1:15  Probe  
  20  1:24  Nexus  
  20  1:36  Cybernetics Core  
  20  1:37  Probe  
  21  1:44  Assimilator  
  21  1:49  Probe  
  22  1:54  Pylon  
  22  2:01  Probe  
  23  2:12  Adept  
  23  2:13  Probe (Chrono Boost)  
  26  2:17  Stargate  
  27  2:23  Warp Gate, Probe (Chrono Boost)  
  27  2:28  Probe (Chrono Boost)  
  27  2:36  Probe (Chrono Boost)  
  29  2:40  Probe (Chrono Boost)  
  29  2:42  Adept  
  32  2:45  Probe (Chrono Boost)  
  32  2:47  Probe (Chrono Boost)  
  32  2:50  Probe (Chrono Boost)  
  34  2:54  Probe  
  36  3:00  Oracle (Chrono Boost)  
  36  3:04  Probe  
  40  3:06  Probe, Pylon  
  40  3:12  Gateway  
  41  3:16  Probe  
  41  3:18  Probe  
  43  3:28  Probe  
  43  3:30  Oracle (Chrono Boost), Probe  
  48  3:42  Nexus  
  48  3:45  Pylon  
  48  3:48  Probe  
  49  3:50  Probe  
  50  3:57  Assimilator  
  50  4:00  Oracle (Chrono Boost), Assimilator  
  50  4:02  Probe  
  54  4:03  Probe  
  54  4:06  Shield Battery  
  55  4:14  Adept  
  55  4:16  Probe x2  
  59  4:22  Twilight Council  
  59  4:24  Forge  
  59  4:31  Probe x2  
  61  4:43  Probe, Gateway  
  62  4:47  Gateway  
  62  4:49  Gateway  
  62  4:54  Probe (Chrono Boost)  
  62  4:55  Protoss Ground Weapons Level 1 (Chrono Boost), Charge (Chrono Boost)  
  62  4:56  Probe (Chrono Boost)  
  65  5:00  Probe (Chrono Boost)  
  65  5:05  Photon Cannon, Probe (Chrono Boost)  
  65  5:06  Probe (Chrono Boost)  
  67  5:07  Sentry  
  67  5:09  Probe (Chrono Boost)  
  67  5:10  Probe (Chrono Boost)  
  67  5:11  Probe (Chrono Boost)  
  72  5:16  Probe  
  72  5:20  Probe  
  74  5:22  Probe  
  74  5:26  Pylon  
  74  5:27  Robotics Facility  
  74  5:28  Probe, Pylon  
  76  5:36  Probe  
  76  5:42  Gateway x2  
  77  5:44  Probe x2, Gateway  
  77  5:46  Templar Archives  
  79  5:52  Assimilator  
  79  5:56  Probe x3, Assimilator  
  82  5:57  Gateway  
  82  5:58  Zealot  
  82  6:01  Zealot x2  
  88  6:08  Zealot x2  
  88  6:09  Pylon  
  92  6:13  Probe  
  92  6:15  Warp Prism (Chrono Boost)  
  92  6:17  Probe  
  93  6:22  Pylon  
  93  6:24  Pylon  
  93  6:29  Robotics Bay  
  93  6:30  High Templar  
  93  6:31  High Templar x3  
  101  6:36  Pylon  
  101  6:37  Archon, Pylon  
  101  6:38  Archon  
  101  6:44  Observer  
  101  6:46  Zealot  
  101  6:47  Zealot x2  
  106  6:48  Protoss Ground Weapons Level 2 (Chrono Boost)  
  108  6:55  Robotics Facility  
  108  6:59  Blink  
  108  7:08  Pylon  
  108  7:11  Pylon  
  108  7:12  Nexus  
  108  7:16  Disruptor (Chrono Boost)  
  108  7:18  Stalker  
  113  7:24  Probe x3  
  116  7:36  Probe x2  
  116  7:37  Probe  
  119  7:41  Photon Cannon  
  117  7:44  Disruptor (Chrono Boost)  
  117  7:46  Stalker  
  117  7:48  Phoenix (Chrono Boost)  
  120  7:53  Photon Cannon  
  120  7:55  Photon Cannon  
  120  7:56  Shield Battery, Photon Cannon  
  120  7:58  Photon Cannon  
  120  8:01  Photon Cannon  
  120  8:06  Stalker x4  
  120  8:08  Phoenix, Probe x3  
  133  8:13  Stargate  
  133  8:17  Disruptor (Chrono Boost)  
  136  8:24  Disruptor (Chrono Boost)  
  139  8:31  Stalker x2  
  139  8:32  Stalker x3  
  148  8:37  Phoenix (Chrono Boost)  
  150  8:42  Assimilator  
  150  8:43  Assimilator  
  150  8:45  Probe x4  
  150  8:46  Photon Cannon  
  150  8:48  Shield Battery  
  154  8:49  Pylon  
  154  8:55  Phoenix x2 (Chrono Boost)  
  151  9:00  Zealot x3  
  159  9:13  Stalker x4  
  159  9:14  Stalker  
  165  9:35  Stalker x4  
  165  9:36  Stalker  
  172  9:41  Pylon  
  172  9:42  Pylon x2  
  159  10:03  Stalker  
  159  10:04  Stalker x6  
  127  10:50  Zealot x7  
  126  11:13  Pylon  
  105  11:21  Pylon  
Tags
 
Add a new tag
Caveats
  • Supply blocks, unpowered buildings, or Contaminate may cause inaccurate times.
  • Supply counts are checked every 10 seconds.